Map: El Dorado

Players

iPlayDefense

  • Race: Terran Terran
  • League: Silver
  • Spawn Location: 7:00

Luna - Winner!

  • Race: Terran Terran
  • League: Silver
  • Spawn Location: 5:00

VOD

Have the link to the VOD?

Description

Time

  • Played on: April 17, 2025, 6:53 a.m.
  • Length: 8:08
Show
View Real Time Build Order
Export as new Build Order

iPlayDefense Terran 

Build Orders:  

Get SALT Encoding   

  12  0:00  SCV  
  13  0:15  Supply Depot  
  13  0:18  SCV  
  14  0:30  SCV  
  15  0:43  SCV  
  15  0:48  Barracks  
  16  0:55  SCV  
  17  1:07  SCV  
  17  1:08  Refinery  
  18  1:12  Supply Depot  
  18  1:37  Orbital Command  
  18  1:44  Barracks  
  18  1:55  Barracks Reactor  
  18  2:07  SCV  
  19  2:18  Refinery  
  19  2:19  SCV  
  20  2:31  SCV  
  20  2:32  Marine x2  
  20  2:33  Barracks  
  23  2:46  Barracks Tech Lab  
  23  2:50  Marine x2  
  25  3:06  Engineering Bay  
  25  3:07  Marine  
  25  3:08  Marine  
  25  3:09  Marine  
  28  3:14  Stimpack  
  28  3:25  Marine  
  28  3:26  Marine  
  30  3:27  Barracks Tech Lab, Marine  
  31  3:46  Missile Turret  
  31  3:53  Supply Depot  
  31  4:09  Bunker  
  31  4:14  Marine x3  
  31  4:17  Terran Infantry Weapons Level 1  
  34  4:32  Marine x3  
  34  4:34  SCV  
  34  4:36  Marine  
  39  4:53  Combat Shield  
  39  5:04  Supply Depot  
  39  5:05  Supply Depot  
  39  5:08  Factory  
  39  5:25  SCV, Marine x4  
  44  5:37  SCV  
  45  5:43  Supply Depot, Marine x2  
  45  5:46  Supply Depot  
  45  5:49  SCV  
  48  5:56  Factory Tech Lab  
  48  6:01  SCV  
  49  6:07  Starport  
  49  6:12  Command Center  
  49  6:14  SCV  
  50  6:26  SCV  
  43  7:10  Marine  
  43  7:11  Marine x3  
  47  7:28  Marine x4  
  51  7:35  SCV  
  34  7:42  Starport Tech Lab  
  34  7:50  SCV, Marine x4  
Show
View Real Time Build Order
Export as new Build Order

Luna Terran - Winner!

Build Orders:  

Get SALT Encoding   

  12  0:03  SCV  
  13  0:15  SCV  
  14  0:26  Supply Depot  
  14  0:27  SCV  
  15  0:43  Supply Depot  
  15  0:56  Barracks  
  15  1:19  Refinery  
  15  1:24  SCV  
  16  1:35  Barracks  
  16  1:36  SCV  
  17  1:46  Refinery  
  17  1:49  SCV  
  18  2:01  SCV  
  19  2:04  Barracks Tech Lab  
  19  2:16  Supply Depot  
  19  2:32  Factory  
  19  2:35  Marine  
  20  2:40  Marine  
  21  2:49  Supply Depot  
  21  2:53  Marine  
  21  2:57  Ghost Academy  
  21  2:58  Marine  
  23  3:11  Marine  
  24  3:17  Barracks Reactor  
  24  3:20  Factory Tech Lab  
  24  3:24  Orbital Command  
  24  3:29  Marine  
  25  3:36  Personal Cloaking  
  25  3:47  Siege Tank  
  28  4:21  Ghost  
  31  4:27  Widow Mine  
  33  4:46  Ghost Academy  
  33  5:01  Nuke  
  33  5:23  Starport  
  33  5:24  Nuke  
  33  5:25  Marine  
  33  5:26  Marine  
  35  5:34  Supply Depot  
  35  5:37  Ghost  
  38  5:43  Marine x2  
  40  6:01  Marine x2  
  42  6:19  Marine x2  
  42  6:25  Nuke  
  44  6:30  Medivac  
  46  6:56  Nuke  
  46  7:00  Marine x2, Medivac  
  46  7:01  Marine  
  51  7:18  Marine x3  
  54  7:36  Marine  
  55  7:43  Marine  
Tags
 
Matchup
TvT
Race
Terran
Replay Pack
DaveSC2
Spawn Locations
Close Positions
Add a new tag
Caveats
  • Supply blocks, unpowered buildings, or Contaminate may cause inaccurate times.
  • Supply counts are checked every 10 seconds.